 Dungeon Crawl Stone Soup version 0.22-a0-558-gc224181 (webtiles) character file.

116 iamserjio the Sneak (level 5, -8/36 HPs)
             Began as an Octopode Wanderer on June 27, 2018.
             Mangled by an ogre
             ... wielding a cursed +0 giant club
              (25 damage)
             ... on level 5 of the Dungeon.
             The game lasted 00:07:07 (3336 turns).

iamserjio the Sneak (Octopode Wanderer)             Turns: 3336, Time: 00:07:08

Health: -8/36      AC:  1    Str: 12    XL:     5   Next: 0%
Magic:  6/6        EV: 13    Int: 16    God:
Gold:   148        SH:  0    Dex: 10    Spells: 6/6 levels left

rFire    . . .     SeeInvis .   B - +1 dagger (speed)
rCold    . . .     Gourm    .   (no shield)
rNeg     . . .     Faith    .   (helmet restricted)
rPois    .         Spirit   .   (no amulet)
rElec    .         Reflect  .   (no ring)
rCorr    .         Harm     .   i - ring of stealth
MR       .....                  (no ring)
Stlth    ++++......             (no ring)
HPRegen  0.12/turn              (no ring)
MPRegen  0.10/turn              (no ring)
                                (no ring)
                                (no ring)

@: no status effects
A: almost no armour, stealthy swim, amphibious, 8 rings, constrict 8, camouflage
1, gelatinous body 1
a: no special abilities


You were on level 5 of the Dungeon.
You were not hungry.

You visited 1 branch of the dungeon, and saw 5 of its levels.

You collected 148 gold pieces.

Inventory:

Hand Weapons
 a - a +2 shortbow
 c - a +0 hand crossbow
 o - a +0 dagger
 u - a +0 short sword
 B - a +1 dagger of speed (weapon)
Missiles
 b - 27 arrows
 d - 45 bolts
 g - 94 stones (quivered)
Magical Staves
 F - an uncursed staff of fire {unknown}
Jewellery
 h - an uncursed ring of ice
 i - a ring of stealth (right tentacle)
 C - an uncursed ring of protection from magic {unknown}
 E - a +3 ring of strength {unknown}
Wands
 t - a wand of polymorph (16)
Scrolls
 j - 8 scrolls of identify {unknown}
 n - a scroll of fog {unknown}
 r - a scroll of enchant armour {unknown}
 s - 2 scrolls of teleportation {unknown}
 v - 4 scrolls of immolation {unknown}
 x - a scroll of random uselessness {unknown}
 y - a scroll of blinking {unknown}
 z - a scroll of magic mapping {unknown}
 A - a scroll of remove curse {unknown}
 D - a scroll of enchant weapon {unknown}
Potions
 e - 3 potions of curing {@q1}
 k - a potion of might {unknown}
 l - a potion of heal wounds {unknown}
 m - 2 potions of lignification {unknown}
 p - a potion of flight {unknown}
 q - a potion of brilliance {unknown}
 w - 2 potions of degeneration {unknown}
Comestibles
 f - 6 rations


   Skills:
 + Level 3.1 Fighting
 * Level 0.3 Short Blades
 - Level 1.0 Bows
 * Level 2.7 Dodging
 + Level 3.6 Stealth
 - Level 1.0 Spellcasting
   Level 2.0 Fire Magic
   Level 2.4 Poison Magic
 - Level 1.1 Evocations


You had 6 spell levels left.
You didn't know any spells.
Your spell library was empty.

Dungeon Overview and Level Annotations

Branches:
Dungeon (5/15)
 Temple: D:4-7

Altars:
Okawaru


Innate Abilities, Weirdness & Mutations

You cannot wear most types of armour.
You are very stealthy in the water. (Stealth+)
You are amphibious.
You can wear up to eight rings at the same time.
You can use your tentacles to constrict eight enemies at once.
Your skin changes colour to match your surroundings (Stealth+).
Your rubbery body absorbs attacks. (AC +1, EV +1)


Message History

You open the door.
There is an open door here.
An ogre comes into view. It is wielding a giant club.
There is a stone staircase leading up here.
Found a ring mail.
Found an iron altar of Okawaru.
Found 18 gold pieces.
The helpless ogre fails to defend itself.
You puncture the ogre! You squeeze the ogre.
The ogre is heavily wounded.
You barely miss the ogre. You squeeze the ogre!
The ogre is almost dead.
The ogre hits you with a giant club!!
Ouch! That really hurt!
You hit the ogre.
The ogre is almost dead.
You hit the ogre but do no damage.
The ogre is almost dead.
The ogre hits you with a giant club!!
Ouch! That really hurt!
You die...

#.....<...'.......
#.........##...##.
#..........(......
#........<......##
####.#.......#....
..........>#.#..
##.#.........# .
#.#...#.....#
#.....#@###.#
.##.....O...#
#....#.#..# #[...
_. .# ##... .#. #
#... $... #... ##
## #.##


You could see an ogre.

Vanquished Creatures
  3 adders
  4 worms
  2 dart slugs (D:1)
  4 leopard geckos
  5 orcs
  8 bats
  3 giant cockroaches
  7 goblins
  12 hobgoblins
  2 ball pythons
  4 frilled lizards (D:1)
  4 kobolds
  3 rats
61 creatures vanquished.

Notes
Turn   | Place    | Note
-------+----------+-------------------------------------------
     0 | D:1      | iamserjio the Octopode Wanderer began the quest for the Orb.
     0 | D:1      | iamserjio set off with: a +2 shortbow, 22 arrows, a +0 hand crossbow, 28 bolts, a potion of curing {@q1}, a ration
     0 | D:1      | Reached XP level 1. HP: 14/14 MP: 2/2
   141 | D:1      | Reached XP level 2. HP: 20/20 MP: 3/3
   487 | D:1      | Reached skill level 1 in Dodging
   559 | D:1      | Reached XP level 3. HP: 22/25 MP: 4/4
  1114 | D:2      | Reached XP level 4. HP: 9/30 MP: 5/5
  3169 | D:3      | Reached XP level 5. HP: 35/36 MP: 6/6
  3283 | D:3      | You fall through a shaft!
  3304 | D:5      | Entered Level 5 of the Dungeon
  3326 | D:5      | Noticed an ogre
  3328 | D:5      | Found an iron altar of Okawaru.
  3336 | D:5      | Mangled by an ogre

Vault maps used:
D:1:      dpeg_arrival_snail
D:2:      first_ration, serial_park_tiny_1
D:4:      cheibrodos_sewer_entry_drain, uniq_pikel
D:5:      kennysheep_mini, lemuel_round_altar, grunt_temple_overflow_open,
          gammafunk_temple_overflow_claw, ebering_ghost_sewer_d,
          okawaru_metal_pillars_1_2

Skill      XL: |  1  2  3  4 |
---------------+-------------+-----
Stealth        | 2 3 |  3.6
Dodging        | 1 2 |  2.7
Fighting       | 3 |  3.1
Short Blades   | |  0.3
Bows           | |  1.0
Spellcasting   | |  1.0
Fire Magic     | |  2.0
Poison Magic   | |  2.4
Evocations     | |  1.1

Action                   |  1- 3 |  4- 6 || total
-------------------------+-------+-------++-------
Melee: Dagger            |     2 |    33 ||    35
       Constrict         |     1 |     5 ||     6
       Tentacles         |       |     7 ||     7
 Fire: Shortbow          |    96 |    80 ||   176
 Stab: Sleeping          |       |     2 ||     2
  Eat: Chunk             |       |     7 ||     7
Armor: Skin              |     4 |     9 ||    13
Dodge: Dodged            |    21 |    26 ||    47

Table legend:
 A = Spawn XP
 B = Non-spawn XP
 C = Spawn XP percentage of total XP
 D = Spawn monster count
 E = Non-spawn monster count
 F = Spawn count percentage of total count
 G = Total turns spent on level
                    A         B        C        D         E        F      G
               +---------+---------+-------+---------+---------+-------+---------
         Total |       0 |     166 |   0.0 |       0 |      61 |   0.0 |  3336
               +---------+---------+-------+---------+---------+-------+---------
           D:1 |       0 |      49 |   0.0 |       0 |      26 |   0.0 |  1012
           D:2 |       0 |      70 |   0.0 |       0 |      21 |   0.0 |  1279
           D:3 |       0 |      47 |   0.0 |       0 |      14 |   0.0 |   992
               +---------+---------+-------+---------+---------+-------+---------
